 Dungeon Crawl Stone Soup version 0.27-a0-1193-g8631133539 (webtiles) character file.

Game seed: 15290110738078386801

69307 tilp the Warrior (level 15, -27/129 HPs)
             Began as a Barachi Summoner on May 24, 2021.
             Was the Champion of Okawaru.
             Hit by a large rock thrown by a cyclops (29 damage)
             ... on level 13 of the Dungeon on May 25, 2021.
             The game lasted 01:30:08 (32327 turns).

tilp the Warrior (Barachi Summoner)                Turns: 32327, Time: 01:30:08

Health: -27/129    AC: 17    Str: 16    XL:     15   Next: 29%
Magic:  27/27      EV: 18    Int: 19    God:    Okawaru [******]
Gold:   2205       SH:  0    Dex: 21    Spells: 13/30 levels left

rFire    + . .     SeeInvis +   a - +9 halberd "Neagax" {spect, rN++ Int+3}
rCold    + + .     Faith    .   (shield currently unavailable)
rNeg     + + .     Spirit   .   Q - +1 ring mail of Light {rC+ Will+ Regen+ Stlth+}
rPois    +         Reflect  .   Z - +2 helmet
rElec    +         Harm     .   (no cloak)
rCorr    .         Rampage  .   N - +2 pair of gloves
Will     +++..                  G - +3 pair of boots of Yesterday {rF+ rC+}
Stlth    ++........             w - amulet of magic regeneration
HPRegen  1.31/turn              m - ring of Yvual {Wiz rElec rF+ Will+ Dex+4}
MPRegen  0.45/turn              L - ring "Kupn" {rPois rF- Dex+5 SInv}

@: confused, heroic, ambrosia-drunk, grasped by roots, unable to hop,
constricted, slow
A: amphibious, slowness 1, strong legs 2, +LOS
a: Hop, Renounce Religion, Heroism, Finesse


You were on level 13 of the Dungeon.
You worshipped Okawaru.
Okawaru was exalted by your worship.
You visited 4 branches of the dungeon, and saw 22 of its levels.

You collected 3613 gold pieces.
You spent 1408 gold pieces at shops.

Inventory:

Hand Weapons
 a - the +9 halberd "Neagax" (weapon) {spect, rN++ Int+3}
   (Okawaru gifted it to you on level 10 of the Dungeon)

   When it strikes, its spirit leaps out and fights alongside the wielder.
   It affects your intelligence (+3).
   It greatly protects you from negative energy.
 b - a +1 trident of venom
 D - a +2 bardiche of protection
 J - the +3 halberd "Eviscerator" {chaos, *Corrode +Blink rElec SInv Stlth-}
   (You bought it in a shop on level 2 of the Orcish Mines)

   Each time it hits an enemy it has a different, random effect.
   It insulates you from electricity.
   It lets you see invisible.
   It lets you blink.
   It may corrode you when you take damage.
   It makes you less stealthy.
Missiles
 f - 35 boomerangs
 i - 3 boomerangs of dispersal
 j - 37 poisoned darts (quivered)
 t - 3 silver boomerangs
 K - a throwing net
Armour
 F - a +0 leather armour of fire resistance
 G - the +3 pair of boots of Yesterday (worn) {rF+ rC+}
   (You acquired it on level 6 of the Lair of Beasts)

   It protects you from fire.
   It protects you from cold.
 I - the +2 hat of the Pink Corner {rC+ Stlth+}
   (Okawaru gifted it to you on level 2 of the Orcish Mines)

   It protects you from cold.
   It makes you more stealthy.
 N - a +2 pair of gloves (worn)
 Q - the +1 ring mail of Light (worn) {rC+ Will+ Regen+ Stlth+}
   (Okawaru gifted it to you on level 2 of the Lair of Beasts)

   It protects you from cold.
   It increases your rate of health regeneration.
   It increases your willpower.
   It makes you more stealthy.
 U - a +2 leather armour of poison resistance
 X - the +1 plate armour of the Ant {rPois rC+ Slay+6}
   (Okawaru gifted it to you on level 6 of the Lair of Beasts)

   It affects your accuracy and damage with ranged weapons and melee attacks
   (+6).
   It protects you from cold.
   It protects you from poison.
 Z - a +2 helmet (worn)
Jewellery
 m - the ring of Yvual (left hand) {Wiz rElec rF+ Will+ Dex+4}
   (You acquired it on level 2 of the Dungeon)

   [ring of wizardry]

   It improves your spell success rate.
   It affects your dexterity (+4).
   It protects you from fire.
   It insulates you from electricity.
   It increases your willpower.
 s - a ring of resist corrosion
 w - an amulet of magic regeneration (around neck)
 E - a +4 ring of evasion
 L - the ring "Kupn" (right hand) {rPois rF- Dex+5 SInv}
   (You bought it in a shop on level 10 of the Dungeon)

   [ring of see invisible]

   It affects your dexterity (+5).
   It makes you vulnerable to fire.
   It protects you from poison.
   It lets you see invisible.
 W - a ring of willpower
Wands
 c - a wand of acid (5)
 n - a wand of paralysis (6)
 y - a wand of digging (6)
 A - a wand of flame (31)
 M - a wand of iceblast (15)
Scrolls
 h - a scroll of blinking
 o - 3 scrolls of identify
 q - 3 scrolls of enchant armour
 r - 3 scrolls of teleportation
 u - 2 scrolls of enchant weapon
 v - 5 scrolls of magic mapping
Potions
 d - 2 potions of mutation
 e - 8 potions of curing
 g - 2 potions of resistance
 k - a potion of ambrosia
 l - 5 potions of haste
 p - 4 potions of attraction
 x - 5 potions of brilliance
 z - 2 potions of berserk rage
 B - 5 potions of lignification
 C - a potion of might
 O - 3 potions of flight
 R - 2 potions of magic
Miscellaneous
 H - a condenser vane
 S - a lightning rod (4/4)
 T - a phial of floods


   Skills:
 - Level 15.0(20.0) Fighting
 - Level 12.0(17.0) Polearms
 - Level 10.0(15.0) Dodging
 - Level 4.0(9.0) Stealth
 - Level 8.0 Spellcasting
 - Level 2.0 Hexes
 + Level 13.3 Summonings
 - Level 4.0 Ice Magic
 - Level 4.0 Air Magic
 + Level 9.4 Invocations
 - Level 4.0 Evocations


You had 13 spell levels left.
You knew the following spells:

 Your Spells              Type           Power      Damage    Failure   Level
a - Summon Small Mammal   Summ           100%       N/A       1%          1
b - Call Imp              Summ           55%        N/A       1%          2
c - Call Canine Familiar  Summ           55%        N/A       1%          3
d - Summon Guardian Gole  Hex/Summ       36%        N/A       1%          3
e - Summon Ice Beast      Ice/Summ       40%        N/A       1%          4
f - Summon Lightning Spi  Summ/Air       40%        N/A       1%          4

Your spell library contained the following spells:

 Spells                   Type           Power      Damage    Failure   Level
 Poisonous Vapours        Pois/Air       30%        N/A       4%          2
 Slow                     Hex            15%        N/A       4%          2
 Static Discharge         Conj/Air       15%        N/A       4%          2
 Animate Armour           Summ/Erth      64%        N/A       4%          4
 Shadow Creatures         Summ           N/A        N/A       4%          6
 Animate Skeleton         Necr           14%        N/A       6%          1
 Beastly Appendage        Tmut           14%        N/A       6%          1
 Pain                     Necr           28%        1d5       6%          1
 Sandblast                Erth           14%        2d6       6%          1
 Summon Mana Viper        Hex/Summ       36%        N/A       9%          5
 Passwall                 Tmut/Erth      5%         N/A       10%         2
 Wereblood                Tmut           7%         N/A       10%         2
 Mephitic Cloud           Conj/Pois/Air  12%        N/A       12%         3
 Summon Forest            Summ/Tloc      16%        N/A       12%         5
 Conjure Flame            Conj/Fire      7%         6-21      19%         3
 Spider Form              Tmut/Pois      3%         N/A       19%         3
 Stone Arrow              Conj/Erth      14%        3d7       19%         3
 Vampiric Draining        Necr           3%         2d6       19%         3
 Monstrous Menagerie      Summ           27%        N/A       24%         7
 Summon Hydra             Summ           27%        N/A       24%         7
 Ice Form                 Ice/Tmut       15%        N/A       26%         4
 Leda's Liquefaction      Hex/Erth       5%         N/A       38%         4
 Animate Dead             Necr           3%         N/A       52%         4
 Petrify                  Tmut/Erth      7%         N/A       52%         4
 Yara's Violent Unravell  Hex/Tmut       5%         3d4       71%         5
 Agony                    Necr           7%         N/A       85%         5
 Bolt of Magma            Conj/Fire/Erth 3%         4d5       85%         5
 Hydra Form               Tmut           3%         N/A       85%         5
 Lee's Rapid Deconstruct  Erth           3%         3d6*      85%         5
 Summon Horrible Things   Summ           27%        N/A       86%         8
 Freezing Cloud           Conj/Ice/Air   8%         6-21      96%         6
 Haunt                    Necr/Summ      16%        N/A       97%         7
 Malign Gateway           Summ/Tloc      16%        N/A       97%         7
 Iron Shot                Conj/Erth      3%         9d2       100%        6
 Statue Form              Tmut/Erth      4%         N/A       100%        6
 Discord                  Hex            7%         N/A       100%        8
 Shatter                  Erth           3%         3d7*      100%        9


Dungeon Overview and Level Annotations

Branches:
Dungeon (13/15)            Temple (1/1) D:4            Lair (6/6) D:10
  Swamp (0/4) Lair:4        Snake (0/4) Lair:3        Slime (0/5) Lair:5
    Orc (2/2) D:9             Elf (0/3) Orc:2        Vaults (0/5) D:13

Altars:
Ashenzari
Cheibriados
Dithmenos
Elyvilon
Fedhas
Gozag
Hepliaklqana
Kikubaaqudgha
Makhleb
Nemelex Xobeh
Okawaru
Qazlal
Ru
Sif Muna
Trog
Uskayaw
Vehumet
Wu Jian
Xom
Yredelemnul
Zin
The Shining One
Jiyva

Shops:
D:10 *=   Orc:2 (=[*:

Annotations:
D:1 lava vault
D:11 2 runed translucent doors
D:12 exclusion: boulder beetle
D:13 Jorgrun
Lair:2 2 transporters
Lair:6 1 runed translucent door, HoaS's ghost, journeyman TeBe


Innate Abilities, Weirdness & Mutations

You are amphibious.
You cover ground slowly.
You can hop long distances.
You have an extended range of vision and can be seen from far away.


Message History

Your lightning spire shoots out a bolt of lightning at Jorgrun!
The bolt of electricity hits Jorgrun!
Unknown command.
Unknown command.
Unknown command.
Unknown command.
You impale Jorgrun!!
Jorgrun is severely wounded.
Your spectral weapon closely misses Jorgrun.
Jorgrun hits you with a +0 vorpal quarterstaff.
* * * LOW HITPOINT WARNING * * *
x3 The grasping roots constrict you!
Unknown command.
Unknown command.
Unknown command.
You hit Jorgrun.
Jorgrun is severely wounded.
Your spectral weapon completely misses Jorgrun.
Jorgrun hits you with a +0 vorpal quarterstaff!
* * * LOW HITPOINT WARNING * * *
x2 The grasping roots constrict you.
Unknown command.
Unknown command.
You closely miss Jorgrun.
Jorgrun is severely wounded.
Your spectral weapon hits Jorgrun!
Your lightning spire shoots out a bolt of lightning at Jorgrun!
The bolt of electricity hits Jorgrun!
Unknown command.
Unknown command.
You are confused.
You feel invigorated.
Jorgrun casts a spell at your lightning spire.
Roots burst forth from the earth!
Roots grab your lightning spire.
The grasping roots constrict your lightning spire!
* * * LOW HITPOINT WARNING * * *
The grasping roots constrict you!
The cyclops throws a large rock.
The large rock hits you!!
You die...

# ### .. ..#####
.#####......#
##############.#........[.#
#..............#..........#
.$............##......# #.##
W..................).∩#....#
)....C..†...#.g§...)###.#..#
#........?..#.@8...........#
#.........C.'.......#.#.#..#
#.....>.....#.#............#
######..+####.##...........#
#.# #.#######'###### ## ###
#...# #####.####
###........# ##..........#


You could see Jorgrun (ally target), a cyclops and a friendly lightning spire
(summoned, rooted).

Vanquished Creatures
  An orc warlord (Orc:2)
  2 hydras
  An ice dragon (Lair:6)
  An ogre mage (D:13)
  2 catoblepae (Lair:4)
  5 death yaks
  4 two-headed ogres
  3 orc high priests (Orc:2)
  A lindwurm (Lair:6)
  4 orc knights (Orc:2)
  An ugly thing (D:13)
  2 orc sorcerers (Orc:2)
  A centaur zombie (D:10)
  5 elephants
  4 black mambas
  9 cane toads
  5 torpor snails (Lair:6)
  5 rime drakes
  An unseen horror (D:11)
  10 komodo dragons
  10 polar bears (Lair:6)
  3 tyrant leeches (Lair:6)
  15 blink frogs
  7 trolls
  9 hornets
  9 dream sheep
  A shadow (D:11)
  A vampire (D:12)
  31 yaks
  2 steam dragons
  4 wyverns (Lair:4)
  9 basilisks
  Menkaure (D:5)
  3 nagas (Lair:3)
  7 wargs
  11 hell hounds (Lair:6)
  12 water moccasins
  30 orc warriors
  11 black bears (Lair:6)
  A sky beast (D:7)
  7 ogres
  3 centaurs
  25 wolves
  12 bullfrogs
  3 wyvern zombies
  A scorpion (D:6)
  5 killer bees
  3 wights (D:8)
  2 howler monkeys (D:12)
  2 hounds
  9 orc priests
  An iguana (D:5)
  22 orc wizards
  11 hell rats (Lair:4)
  A nameless horror (D:9)
  A hound zombie (D:3)
  An adder (D:5)
  A white imp (D:3)
  An ufetubus (D:5)
  An adder zombie (D:3)
  2 worms (D:3)
  4 dart slugs
  50 orcs
  6 ball pythons
  3 bats
  3 endoplasms (D:4)
  2 giant cockroaches
  5 hobgoblins
  3 jackals (D:2)
  4 quokkas
  A frilled lizard (D:1)
  9 goblins
  9 kobolds
  A quokka skeleton (D:3)
  5 rats (D:3)
463 creatures vanquished.

Vanquished Creatures (collateral kills)
  12 hydras
  A two-headed ogre (D:9)
  2 death yaks (Lair:3)
  2 deep elf pyromancers
  An oklob plant (D:10)
  An ugly thing (D:12)
  A manticore (D:12)
  2 elephants (Lair:5)
  3 cyclopes
  2 centaur zombies (D:11)
  A cane toad (Lair:3)
  A rime drake (Lair:1)
  A komodo dragon (Lair:6)
  2 trolls
  A tyrant leech (Lair:6)
  3 blink frogs
  4 dream sheep
  Sigmund (D:5)
  13 yaks
  Edmund (D:5)
  An acid dragon (D:12)
  2 water moccasins
  4 hell hounds (Lair:6)
  4 orc warriors
  A black bear (D:8)
  An ice beast (D:7)
  2 necrophages
  3 ogres (D:4)
  4 wolves
  A kobold brigand (D:10)
  Blork the orc (D:5)
  3 bullfrogs
  3 killer bees
  A wight (D:8)
  A bullfrog zombie (D:5)
  A jelly (D:5)
  3 orc priests
  A hound (D:6)
  A centaur skeleton (D:6)
  4 orc wizards
  A killer bee zombie (D:7)
  An adder (D:2)
  An adder zombie (D:3)
  An adder skeleton (D:3)
  A worm (D:2)
  A dart slug (D:2)
  30 orcs
  4 ball pythons
  3 endoplasms (D:4)
  7 goblins
  6 hobgoblins
  3 jackals
  3 quokkas
  2 bats (D:1)
  3 frilled lizards
  5 kobolds
169 creatures vanquished.

Vanquished Creatures (others)
  An air elemental (D:11)
  A water elemental (D:11)
  69 fungi
  85 plants
  A withered plant (D:3)
157 creatures vanquished.

Grand Total: 789 creatures vanquished

Notes
Turn   | Place    | Note
-------+----------+-------------------------------------------
     0 | D:1      | tilp the Barachi Summoner began the quest for the Orb.
     0 | D:1      | Reached XP level 1. HP: 13/13 MP: 3/3
   137 | D:1      | Reached skill level 1 in Fighting
   154 | D:1      | Upgraded the game from 0.27-a0-1191-g601b473118 to
                  | 0.27-a0-1193-g8631133539
   204 | D:1      | Reached XP level 2. HP: 15/22 MP: 0/5
   208 | D:1      | Reached skill level 2 in Fighting
   508 | D:1      | Learned a level 2 spell: Call Imp
   868 | D:1      | Reached skill level 5 in Summonings
  1092 | D:1      | Found a faded altar of an unknown god.
  1252 | D:1      | Reached XP level 3. HP: 13/27 MP: 1/6
  1256 | D:1      | Learned a level 3 spell: Call Canine Familiar
  1677 | D:1      | Identified a scroll of acquirement
  1677 | D:1      | Acquired a Grand Grimoire
  2818 | D:2      | Reached XP level 4. HP: 31/33 MP: 4/8
  3008 | D:2      | Acquired the ring of Yvual {Wiz rElec rF+ Will+ Dex+4}
  3414 | D:3      | Acquired 753 gold pieces
  3465 | D:3      | Found a snail-covered altar of Cheibriados.
  3557 | D:3      | Found an ancient bone altar of Kikubaaqudgha.
  3717 | D:3      | Reached skill level 1 in Polearms
  3726 | D:3      | Reached XP level 5. HP: 33/38 MP: 6/9
  3868 | D:3      | Found a basalt altar of Yredelemnul.
  3868 | D:3      | Found a blossoming altar of Fedhas.
  3869 | D:3      | Found a broken altar of Ashenzari.
  3990 | D:3      | Found an ornate altar of the Wu Jian Council.
  4734 | D:4      | Noticed an ogre
  4747 | D:4      | Killed an ogre
  4748 | D:4      | Reached XP level 6. HP: 43/46 MP: 1/10
  4864 | D:4      | Reached skill level 3 in Fighting
  5008 | D:4      | Found a staircase to the Ecumenical Temple.
  5023 | Temple   | Entered the Ecumenical Temple
  5062 | Temple   | Became a worshipper of Warmaster Okawaru
  5266 | D:4      | Found a bloodstained altar of Trog.
  5529 | D:5      | Entered Level 5 of the Dungeon
  6270 | D:5      | Noticed a necrophage
  6285 | D:5      | Killed a necrophage
  6285 | D:5      | Reached * piety under Okawaru
  6286 | D:5      | Reached XP level 7. HP: 35/52 MP: 11/11
  6925 | D:5      | Noticed Menkaure
  6937 | D:5      | Killed Menkaure
  6938 | D:5      | Reached skill level 4 in Fighting
  7206 | D:5      | Identified Sif Muna's Collected Works on Scorching Clay
  7230 | D:5      | Noticed Blork the orc
  7428 | D:5      | Killed Blork the orc
  7509 | D:5      | Reached skill level 1 in Invocations
  7572 | D:5      | Reached ** piety under Okawaru
  7838 | D:5      | Noticed Sigmund
  7853 | D:5      | Killed Sigmund
  7854 | D:5      | Reached XP level 8. HP: 35/60 MP: 5/12
  7995 | D:5      | Noticed Edmund
  8004 | D:5      | Killed Edmund
  8288 | D:5      | Learned a level 3 spell: Summon Guardian Golem
  8993 | D:6      | Learned a level 4 spell: Summon Ice Beast
  9765 | D:7      | Reached *** piety under Okawaru
 10719 | D:8      | Reached XP level 9. HP: 66/66 MP: 6/15
 10780 | D:8      | Reached skill level 5 in Fighting
 11266 | D:8      | Reached skill level 5 in Polearms
 12071 | D:8      | Identified the Tome of Curses and Air
 12091 | D:8      | Reached skill level 5 in Invocations
 12656 | D:9      | Reached skill level 6 in Fighting
 12829 | D:9      | Noticed an angel
 12830 | D:9      | Found a shimmering altar of Xom.
 12830 | D:9      | Found a glowing silver altar of Zin.
 12898 | D:9      | Reached **** piety under Okawaru
 13247 | D:9      | Noticed a two-headed ogre
 13262 | D:9      | Killed a two-headed ogre
 13360 | D:9      | Found a staircase to the Orcish Mines.
 13803 | D:9      | Noticed a troll
 13813 | D:9      | Killed a troll
 13814 | D:9      | Reached XP level 10. HP: 76/76 MP: 4/16
 14027 | D:9      | Learned a level 4 spell: Summon Lightning Spire
 14097 | D:10     | Entered Level 10 of the Dungeon
 14116 | D:10     | Found Lotemi's General Store.
 14119 | D:10     | Bought a scroll of identify for 24 gold pieces
 14120 | D:10     | Noticed a two-headed ogre
 14130 | D:10     | Killed a two-headed ogre
 14130 | D:10     | Reached ***** piety under Okawaru
 14131 | D:10     | Reached skill level 1 in Air Magic
 14343 | D:10     | Noticed a deep elf pyromancer
 14351 | D:10     | Killed a deep elf pyromancer
 14352 | D:10     | Reached skill level 5 in Spellcasting
 14719 | D:10     | Received a gift from Okawaru
 15285 | D:10     | Found Uzam's Jewellery Shop.
 15467 | D:10     | Noticed an oklob plant
 15469 | D:10     | Found a staircase to the Lair.
 15635 | D:10     | Reached skill level 10 in Summonings
 15774 | D:10     | Bought the ring "Kupn" {rPois rF- Dex+5 SInv} for 415 gold
                  | pieces
 15873 | D:11     | Noticed a cyclops
 15884 | D:11     | Killed a cyclops
 16286 | D:11     | Noticed a two-headed ogre
 16298 | D:11     | Killed a two-headed ogre
 16400 | D:11     | Reached XP level 11. HP: 76/81 MP: 20/20
 16409 | D:11     | Noticed a cyclops
 16425 | D:11     | Noticed a four-headed hydra
 16427 | D:11     | Killed a cyclops
 16438 | D:11     | Killed a four-headed hydra
 16546 | D:11     | Noticed a deep elf pyromancer
 16565 | D:11     | Killed a deep elf pyromancer
 17276 | D:11     | Found a large runed translucent door.
 17277 | D:11     | Found a large runed translucent door.
 17385 | D:12     | Noticed a cyclops
 17607 | D:12     | Killed a cyclops
 17674 | D:12     | Noticed a boulder beetle
 17757 | D:12     | Received a gift from Okawaru
 17886 | D:12     | Noticed a seven-headed hydra
 17998 | D:12     | Killed a seven-headed hydra
 18134 | D:12     | Noticed a manticore
 18290 | D:12     | Killed a manticore
 18479 | D:12     | Reached skill level 10 in Polearms
 18581 | D:12     | HP: 1/81 [vampire/vampiric draining (7)]
 18585 | D:12     | Reached skill level 1 in Hexes
 18958 | D:12     | Noticed a six-headed hydra
 18969 | D:12     | Killed a six-headed hydra
 19406 | D:12     | Noticed a cyan ugly thing
 19416 | D:12     | Killed a cyan ugly thing
 20129 | D:10     | Killed an oklob plant
 20129 | D:10     | Identified the +9 halberd "Neagax" {spect, rN++ Int+3}
                  | (Okawaru gifted it to you on level 10 of the Dungeon)
 20129 | D:10     | Received a gift from Okawaru
 20237 | Lair:1   | Entered Level 1 of the Lair of Beasts
 20252 | Lair:1   | Reached skill level 7 in Fighting
 20346 | Lair:1   | Reached skill level 8 in Fighting
 20705 | Lair:1   | Noticed a seven-headed hydra
 20715 | Lair:1   | Killed a seven-headed hydra
 20716 | Lair:1   | Reached skill level 9 in Fighting
 20716 | Lair:1   | Reached XP level 12. HP: 95/95 MP: 6/21
 21557 | Lair:2   | Noticed a six-headed hydra
 21570 | Lair:2   | Killed a six-headed hydra
 21570 | Lair:2   | Reached ****** piety under Okawaru
 21570 | Lair:2   | Identified the +1 ring mail of Light {rC+ Will+ Regen+
                  | Stlth+} (Okawaru gifted it to you on level 2 of the Lair of
                  | Beasts)
 21570 | Lair:2   | Received a gift from Okawaru
 21772 | Lair:2   | Noticed a six-headed hydra
 21785 | Lair:2   | Reached skill level 10 in Fighting
 21958 | Lair:2   | Found a transporter.
 21960 | Lair:2   | Found a transporter.
 21961 | Lair:2   | Noticed a boulder beetle
 21961 | Lair:2   | Noticed a boulder beetle
 22226 | Lair:2   | Noticed a six-headed hydra
 22237 | Lair:2   | Killed a six-headed hydra
 22807 | Lair:2   | Killed a six-headed hydra
 23092 | Lair:2   | Reached skill level 5 in Dodging
 23390 | Lair:3   | Noticed a death yak
 23391 | Lair:3   | Noticed a death yak
 23391 | Lair:3   | Noticed a death yak
 23404 | Lair:3   | Killed a death yak
 23404 | Lair:3   | Received a gift from Okawaru
 23408 | Lair:3   | Killed a death yak
 23412 | Lair:3   | Killed a death yak
 23622 | Lair:3   | Noticed a six-headed hydra
 23637 | Lair:3   | Killed a six-headed hydra
 23863 | Lair:3   | Gained mutation: You can hop long distances. [Barachi
                  | growth]
 23863 | Lair:3   | Reached XP level 13. HP: 105/105 MP: 22/22
 23988 | Lair:3   | Identified the +9 demon trident "Vihocsab" {pain, rC- Will+
                  | Str-4 Int+9} (Okawaru gifted it to you on level 3 of the
                  | Lair of Beasts)
 23988 | Lair:3   | Received a gift from Okawaru
 23989 | Lair:3   | Reached skill level 11 in Fighting
 24027 | Lair:3   | Found a staircase to the Snake Pit.
 24364 | Lair:4   | Found a staircase to the Swamp.
 24556 | Lair:4   | Reached skill level 12 in Fighting
 25049 | Lair:4   | You fall into a shaft and drop 2 floors!
 25049 | Lair:6   | Entered Level 6 of the Lair of Beasts
 25075 | Lair:5   | Received a gift from Okawaru
 25709 | Lair:4   | Reached skill level 13 in Fighting
 26014 | Lair:5   | You fall into a shaft and drop 1 floor!
 26021 | Lair:6   | Identified the +1 plate armour of the Ant {rPois rC+
                  | Slay+6} (Okawaru gifted it to you on level 6 of the Lair of
                  | Beasts)
 26021 | Lair:6   | Received a gift from Okawaru
 26139 | Lair:5   | Found a viscous altar of Jiyva.
 26140 | Lair:5   | Found a staircase to the Slime Pits.
 26658 | Lair:6   | Reached XP level 14. HP: 118/118 MP: 10/23
 27049 | Lair:6   | Found a runed translucent door.
 27055 | Lair:6   | Noticed HoaS's ghost (journeyman TeBe)
 27647 | Lair:6   | Found a runed translucent door.
 27816 | Lair:6   | Reached skill level 14 in Fighting
 28295 | Lair:6   | Reached skill level 10 in Dodging
 28438 | Lair:6   | Received a gift from Okawaru
 28962 | Lair:6   | Reached skill level 15 in Fighting
 29335 | Lair:6   | Paralysed by a hornet for 3 turns
 29617 | Lair:6   | Received a gift from Okawaru
 29801 | Lair:6   | Acquired the +3 pair of boots of Yesterday {rF+ rC+}
 29808 | Lair:6   | Acquired a +2 bardiche of venom
 30253 | Orc:1    | Entered Level 1 of the Orcish Mines
 30554 | Orc:2    | Entered Level 2 of the Orcish Mines
 30554 | Orc:2    | Noticed an orc warlord
 30568 | Orc:2    | Found a staircase to the Elven Halls.
 30602 | Orc:2    | Found Plog's Antique Weapon Shoppe.
 30922 | Orc:2    | Killed an orc warlord
 30923 | Orc:2    | Reached XP level 15. HP: 31/129 MP: 11/25
 31102 | Orc:2    | Identified the +2 hat of the Pink Corner {rC+ Stlth+}
                  | (Okawaru gifted it to you on level 2 of the Orcish Mines)
 31102 | Orc:2    | Received a gift from Okawaru
 31109 | Orc:2    | Found Nenn's Antique Armour Boutique.
 31339 | Orc:2    | Found Panetrez's Jewellery Boutique.
 31417 | Orc:2    | Found Urosexe's General Store.
 31472 | Orc:2    | Found Jefic's Book Emporium.
 31806 | Orc:2    | Bought a steaming robe for 176 gold pieces
 31806 | Orc:2    | Identified the +0 robe of Terror {Harm} (You bought it in a
                  | shop on level 2 of the Orcish Mines)
 31806 | Orc:2    | Bought a distressingly furry scale mail for 279 gold pieces
 31806 | Orc:2    | Identified the +1 scale mail of Yredelemnul's Esteem {Int+4
                  | Stlth+} (You bought it in a shop on level 2 of the Orcish
                  | Mines)
 31844 | Orc:2    | Bought a crude halberd for 333 gold pieces
 31844 | Orc:2    | Identified the +3 halberd "Eviscerator" {chaos, *Corrode
                  | +Blink rElec SInv Stlth-} (You bought it in a shop on level
                  | 2 of the Orcish Mines)
 31894 | Orc:2    | Bought a throwing net for 42 gold pieces
 31907 | Orc:2    | Bought a pair of gloves for 139 gold pieces
 32287 | D:13     | Found a gate to the Vaults.
 32300 | D:13     | Acquired a book of Summonings
 32312 | D:13     | Noticed Jorgrun
 32327 | D:13     | HP: 2/129 [Jorgrun/+0 vorpal quarterstaff (12)]
 32327 | D:13     | Hit by a large rock thrown by a cyclops

Illustrated notes

Levels and vault maps discovered:
D:1:      lemuel_arrival_lava_pool, layout_loops_ring,
          ebering_ecumenical_altar_hall, minmay_pentomino_p4
D:2:      cheibrodos_greedy_goblins, layout_basic, corexii_shack
D:3:      layout_loops_ring, marbit_many_paths, jmf_multi_god_temple,
          chequers_temple_overflow_statue_of_worship, serial_undead,
          serial_undead_d, serial_undead_b, serial_undead_b, serial_undead_c,
          serial_undead_e, serial_undead_b
D:4:      layout_gridville, kennysheep_mini, minmay_temple_entry_junction,
          guppyfry_early_lair_pool
D:5:      layout_gridville, sigmund_edmund_badplayer, uniq_edmund,
          uniq_blork_the_orc, uniq_menkaure, uniq_sigmund
D:6:      layout_rooms
D:7:      layout_cave_pods
D:8:      black_bear_nest_2, layout_rooms
D:9:      layout_irregular_city, grunt_temple_overflow_order_and_chaos_1,
          orc_david_3
D:10:     layout_loops_ring, dpeg_oklobed_lair, serial_shops, shop,
          nicolae_shop_behind_doors, solitary_fountain
D:11:     layout_loops_ring, kennysheep_nub, lightli_elemental_guards
D:12:     layout_loops_ring
D:13:     layout_roguey, david_vaults_2, nicolae_tso_swordbearing_angel,
          uniq_josephine, uniq_jorgrun
Temple:   cyrus_circular_temple
Lair:1:   layout_regular_city, serial_bayou_pond_b, infiniplex_staircase_pool_2
Lair:2:   gammafunk_boulding_lane, layout_layer_cave
Lair:3:   layout_hall_layers, minmay_snake_entry_guardpost_small
Lair:4:   layout_roguey [special_room_mythical_zoo], swamp_mist_pool
Lair:5:   layout_layer_cave, slime_altar_1, grunt_megastairs_5
Lair:6:   wormcave, layout_gridlike, hangedman_lair_caniforms_friends,
          ebering_ghost_inner_flame, grunt_megastairs_4
Orc:1:    layout_diamond_mine
Orc:2:    grunt_orc_gardens, layout_diamond_mine, grunt_orc_garden,
          grunt_orc_garden, grunt_orc_garden, grunt_orc_garden, serial_shops,
          shop, nicolae_orc_rich_vein

Skill      XL: |  1  2  3  4  5  6  7  8  9 10 11 12 13 14 15 |
---------------+----------------------------------------------+-----
Fighting       | 1 2 3 4 6 9 10 13 15 | 15.0
Summonings     | 5 6 8 10 12 13 | 13.3
Spellcasting   | 3 4 6 7 8 |  8.0
Polearms       | 1 2 3 4 6 10 11 12 | 12.0
Stealth        | 2 3 4 |  4.0
Dodging        | 3 4 6 8 10 | 10.0
Invocations    | 3 4 6 8 9 |  9.4
Ice Magic      | 3 4 |  4.0
Air Magic      | 4 |  4.0
Evocations     | 4 |  4.0
Hexes          | 2 |  2.0

Action                   |  1- 3 |  4- 6 |  7- 9 | 10-12 | 13-15 || total
-------------------------+-------+-------+-------+-------+-------++-------
Melee: Dagger            |    12 |       |       |       |       ||    12
       Unarmed           |     2 |       |       |       |       ||     2
       Hand axe          |    95 |    13 |       |       |       ||   108
       Spear             |       |    45 |       |       |       ||    45
       Whip              |       |    91 |   120 |       |       ||   211
       Trident           |       |       |   161 |   212 |    17 ||   390
       Halberd           |       |       |       |   116 |   554 ||   670
Throw: Dart              |       |     7 |    17 |     6 |     9 ||    39
 Cast: Summon Small Mamm |    16 |       |       |       |       ||    16
       Call Imp          |    23 |    16 |    55 |       |       ||    94
       Call Canine Famil |       |    10 |    39 |     4 |       ||    53
       Summon Ice Beast  |       |       |    13 |    96 |    76 ||   185
       Summon Lightning  |       |       |       |    22 |    10 ||    32
Invok: Heroism           |       |       |     4 |     8 |    13 ||    25
 Abil: Hop               |     1 |     2 |     2 |     6 |     7 ||    18
Evoke: Wand              |       |       |     1 |     4 |     1 ||     6
       Condenser vane    |       |       |       |     1 |       ||     1
       Phial of floods   |       |       |       |     1 |       ||     1
  Use: Scroll            |     5 |    12 |     3 |     7 |    18 ||    45
       Potion            |       |     1 |     1 |     2 |     5 ||     9
 Stab: Sleeping          |     1 |     5 |     3 |     6 |     8 ||    23
       Distracted        |       |     1 |     4 |    10 |    22 ||    37
       Confused          |       |       |       |     1 |       ||     1
Armor: Robe              |    19 |       |       |       |       ||    19
       Ring mail         |    34 |    44 |    30 |     8 |    82 ||   198
       Steam dragon scal |       |       |    23 |    37 |       ||    60
       Chain mail        |       |       |       |     1 |       ||     1
Dodge: Dodged            |   110 |    83 |   206 |   198 |   337 ||   934

Table legend: (Time is in decaauts)
 A = Elapsed time spent in this place.
 B = Non-inter-level travel time spent in this place.
 C = Inter-level travel time spent in this place.
 D = Time resting spent in this place.
 E = Time spent auto-exploring this place.
 F = Levels seen in this place.
 G = Mean time per level.
                   A        B        C        D        E       F      G
               +--------+--------+--------+--------+--------+-----+--------+
         Total |  35222 |  32719 |   2503 |  11517 |  16157 |  22 | 1601.0 |
       Dungeon |  22522 |  21160 |   1362 |   8342 |  10179 |  13 | 1732.5 |
        Temple |     55 |     48 |      7 |      0 |     39 |   1 |   55.0 |
          Lair |  10759 |   9891 |    868 |   2934 |   5016 |   6 | 1793.2 |
  Orcish Mines |   1884 |   1619 |    265 |    240 |    921 |   2 |  942.0 |
               +--------+--------+--------+--------+--------+-----+--------+

Top non-repeatable levels by time:
  Lair:6: 3426 daAuts
    D:12: 2519 daAuts
     D:4: 2265 daAuts
     D:5: 2192 daAuts
  Lair:2: 2173 daAuts
    D:11: 2089 daAuts
     D:1: 1988 daAuts
     D:9: 1873 daAuts
    D:10: 1848 daAuts
     D:8: 1838 daAuts
     D:7: 1749 daAuts
  Lair:4: 1555 daAuts
     D:2: 1440 daAuts
   Orc:2: 1316 daAuts
  Lair:1: 1274 daAuts
